 Dungeon Crawl Stone Soup version 0.29-a0-275-g389c0b56f3 (webtiles) character file.

Game seed: 16360255744131502062

19 spaghetti the Caller (level 2, 0/15 HPs)
             Began as a Deep Elf Summoner on Mar 10, 2022.
             Succumbed to an adder's poison
             ... on level 2 of the Dungeon.
             The game lasted 00:01:54 (1515 turns).

spaghetti the Caller (Deep Elf Summoner)            Turns: 1515, Time: 00:01:55

Health: 0/15       AC:  3    Str:  4 (5)  XL:     2   Next: 55%
Magic:  6/8        EV: 12    Int: 17 (19) God:
Gold:   59         SH:  0    Dex: 14 (15) Spells: 6/7 levels left

rFire   . . .      SeeInvis .   e - +0 whip {mace}
rCold   . . .      Faith    .   (no shield)
rNeg    . . .      Spirit   .   a - +1 robe
rPois   .          Reflect  .   (no helmet)
rElec   .          Harm     .   (no cloak)
rCorr   .          Rampage  .   (no gloves)
Will    .....                   (no boots)
Stlth   ++........              (no amulet)
HPRegen 0.05/turn               (no ring)
MPRegen 0.11/turn               (no ring)

@: lethally poisoned (0 -> -1), hasted, very quick
A: no striking features
a: no special abilities


You were on level 2 of the Dungeon.
You visited 1 branch of the dungeon, and saw 2 of its levels.

You collected 59 gold pieces.


   Skills:
 - Level 2.4 Dodging
 - Level 2.4 Stealth
 - Level 3.0 Spellcasting
 + Level 5.2 Summonings


You had 6 spell levels left.
You knew the following spells:

 Your Spells              Type           Power      Damage    Failure   Level
a - Summon Small Mammal   Summ           80%        N/A       1%          1

Your spell library contained the following spells:

 Spells                   Type           Power      Damage    Failure   Level
 Call Imp                 Summ           20%        N/A       3%          2
 Call Canine Familiar     Summ           20%        N/A       6%          3
 Summon Guardian Golem    Hex/Summ       11%        N/A       19%         3
 Summon Lightning Spire   Summ/Air       11%        N/A       52%         4

Inventory:

Hand Weapons
 d - a +0 dagger {short}
   (You found it on level 1 of the Dungeon)
 e - a +0 whip (weapon) {mace}
   (You took it off a kobold on level 1 of the Dungeon)
 f - a +0 dagger {short}
   (You took it off a kobold on level 1 of the Dungeon)
Missiles
 i - 76 stones {throwing}
Armour
 a - a +1 robe (worn)
Scrolls
 c - 2 scrolls of identify {unknown}
Potions
 b - a potion of magic
 g - a potion of degeneration {!q@e2}

Dungeon Overview and Level Annotations

Branches:
Dungeon (2/15)

Altars:

########..#####
#.......#
####.......#
#..........#
#.##.......#
#.####<#####
#.# ########
#.####.......
#..@..rr....#
######S####.#
.# .# )# .# .#
.#


You could see an adder (ally target), a friendly quokka (summoned) and a
friendly rat (summoned).


Message History

You take 1 damage, and now have 7/15 hp.
You barely miss the quokka.
Your quokka barely misses the quokka.
Your rat bites the quokka but does no damage.
The quokka closely misses you.
You hit the quokka but do no damage.
Your quokka completely misses the quokka.
The quokka bites you.
* * * LOW HITPOINT WARNING * * *
Your rat bites the quokka.
The quokka dies! 😨 HP[-3] MP[+1]
You take 3 damage, and now have 4/15 hp.
You start resting. 😨 HP[+1] MP[+1]
Your mp is fully restored (8).
Your rat disappears in a puff of smoke!
Your quokka disappears in a puff of smoke!
Key pressed, stopping explore.
Key pressed, stopping explore.
Unknown command. 😕 HP[+7]
You regained 7 hp, and now have 12/15 hp.
Key pressed, stopping explore.
i - 76 stones {throwing} (gained 28)
A goblin comes into view. It is wielding a +0 club. 😎 HP[+3]
Your hp is fully restored (15).
A goblin is nearby!
A goblin is nearby!
Casting: Summon Small Mammal (safe; 1% risk of failure)
Press: ? - help, Q - select action, (/) - cycle Dir - look around, f - activate 😎 MP[-1]
You lost 1 mp, and now have 7/8 mp.
Casting: Summon Small Mammal (safe; 1% risk of failure)
Press: ? - help, Q - select action, (/) - cycle Dir - look around, f - activate Your rat bites the goblin.
The goblin dies! 😎 MP[-1]
You lost 1 mp, and now have 6/8 mp.
Your rat disappears in a puff of smoke!
Your quokka disappears in a puff of smoke!
Key pressed, stopping explore.
j - a scroll labelled LUCSIY TABE 😎 MP[+2]
Your mp is fully restored (8).
You now have 59 gold pieces (gained 10).
You see here a +0 dagger {short}.
There is a stone staircase leading down here.
Done exploring.
As you read the scroll labelled LUCSIY TABE, it crumbles to dust.
It is a scroll of enchant armour.
Your +0 robe glows green for a moment.
Done exploring.
Done exploring.
Done exploring.
Done exploring.
(D) Dungeon
Where to? (? - help)
There is a stone staircase leading down here.
You climb downwards.
There is a stone staircase leading up here.
Unknown command.
Unknown command.
An adder comes into view.
An adder is nearby!
An adder is nearby!
An adder is nearby!
No target in range!
The helpless adder fails to defend itself.
You hit the adder. The adder bites you.
You are poisoned.
The adder poisons you!
The adder bites you but does no damage. 😕 HP[-3]
You take 3 damage, and now have 12/15 hp.
Casting: Summon Small Mammal (safe; 1% risk of failure)
Press: ? - help, Q - select action, (/) - cycle Dir - look around, f - activate You feel sick.
The adder closely misses you. 😮 HP[-1] MP[-1]
You take 1 damage, and now have 11/15 hp.
You lost 1 mp, and now have 7/8 mp.
Casting: Summon Small Mammal (safe; 1% risk of failure)
Press: ? - help, Q - select action, (/) - cycle Dir - look around, f - activate You feel sick.
The adder bites you.
* * * LOW HITPOINT WARNING * * *
Your rat completely misses the adder. 😨 HP[-5] MP[-1]
You take 5 damage, and now have 6/15 hp.
MASSIVE DAMAGE!! (PAUSE)
You lost 1 mp, and now have 6/8 mp.
It was a potion of haste.
You feel yourself speed up.
You feel sick. The adder bites you.
* * * LOW HITPOINT WARNING * * *
Your rat misses the adder. The adder barely misses you. 😱 HP[-5]
You take 5 damage, and now have 1/15 hp.
MASSIVE DAMAGE!! (PAUSE)
Okay, then.
* * * LOW HITPOINT WARNING * * *
You feel sick.
You die...

Skill      XL: |  1  2 |
---------------+-------+-----
Summonings     | 5 |  5.2
Dodging        | |  2.4
Stealth        | |  2.4
Spellcasting   | |  3.0

Action                   || total
-------------------------++-------
Melee: Whip              ||    30
 Cast: Summon Small Mamm ||    29
  Use: Potion            ||     3
       Scroll            ||     1
 Stab: Distracted        ||     1
       Sleeping          ||     1
Armor: Robe              ||    12
Dodge: Dodged            ||    38

Levels and vault maps discovered:
D:1:      eino_arrival_druids_welcome, layout_loops_cross
D:2:      layout_basic, ebering_ecumenical_altar_hall

Notes
Turn   | Place    | Note
-------+----------+-------------------------------------------
     0 | D:1      | spaghetti the Deep Elf Summoner began the quest for the
                  | Orb.
     0 | D:1      | Reached XP level 1. HP: 10/10 MP: 6/6
     0 | D:1      | magus.rc [v1.9.6]
   661 | D:1      | Reached XP level 2. HP: 7/15 MP: 6/8
   665 | D:1      | Reached skill level 5 in Summonings
  1513 | D:2      | HP: 1/15 [adder (4)]
  1515 | D:2      | Succumbed to an adder's poison

Vanquished Creatures
  An endoplasm (D:1)
  A giant cockroach (D:1)
  A goblin (D:1)
  A hobgoblin (D:1)
  2 kobolds (D:1)
  2 quokkas (D:1)
  A bat (D:1)
9 creatures vanquished.

Vanquished Creatures (collateral kills)
  2 bats (D:1)
  A goblin (D:1)
  A quokka (D:1)
  A frilled lizard (D:1)
  2 kobolds (D:1)
  2 rats (D:1)
9 creatures vanquished.

Grand Total: 18 creatures vanquished

Table legend:
 A = Non-vault XP
 B = Vault XP
 C = Vault XP percentage of total XP
 D = Non-vault monster count
 E = Vault monster count
 F = Vault count percentage of total count
                 A         B        C        D         E       F
            +---------+---------+-------+---------+---------+-------
      Total |      28 |       0 |   0.0 |      18 |       0 |   0.0
            +---------+---------+-------+---------+---------+-------
        D:1 |      28 |       0 |   0.0 |      18 |       0 |   0.0
            +---------+---------+-------+---------+---------+-------

Illustrated notes

Table legend:
 A = Kills in this place as a percentage of kills in entire the game.
 B = Kills by you in this place as a percentage of kills by you in the entire game.
 C = Kills by friends in this place as a percentage of kills by friends in the entire game.
 D = Other kills in this place as a percentage of other kills in the entire game.
 E = Experience gained in this place as a percentage of experience gained in the entire game.
 F = Experience gained in this place divided by the number of levels of this place that you have seen.
                   A       B       C       D       E      F
               +-------+-------+-------+-------+-------+----------------------
         Total | 100.0 | 100.0 | 100.0 |   N/A | 100.0 |  14.0
       Dungeon | 100.0 | 100.0 | 100.0 |   N/A | 100.0 |  14.0
               +-------+-------+-------+-------+-------+----------------------

Table legend: (Time is in decaauts)
 A = Elapsed time spent in this place.
 B = Non-inter-level travel time spent in this place.
 C = Inter-level travel time spent in this place.
 D = Time resting spent in this place.
 E = Time spent auto-exploring this place.
 F = Levels seen in this place.
 G = Mean time per level.
                   A        B        C        D        E       F      G
               +--------+--------+--------+--------+--------+-----+--------+
         Total |   1516 |   1511 |      5 |    163 |   1168 |   2 |  758.0 |
       Dungeon |   1516 |   1511 |      5 |    163 |   1168 |   2 |  758.0 |
               +--------+--------+--------+--------+--------+-----+--------+

Top non-repeatable levels by time:
     D:1: 1486 daAuts
     D:2: 30 daAuts
